AoeStats
← musker302

Arabia

503336790Analyzed
1v1 RM · 1mo ago on Aug 31, 2026· 49m 55s· 2 players
Game mode
Random Map
Map size
Tiny (2 player)
Population
200
Speed
Normal
Resources
Standard
Victory
Conquest
Starting age
Dark Age
Ending age
Imperial Age
RankedLock teamsTeams togetherTeam positionsShared explorationLock speedFull tech treeHidden civsTurbo modeCheats
Victory
Defeat
🇹🇷 Maya · Türkiye
879
+16
🇺🇸 Franks · United States
874
-16
musker302
1:53 Loom
10:14 Feudal Age
10:47 Double-Bit Axe
19:50 Castle Age
22:25 Wheelbarrow
22:06 Gold Mining
22:07 Stone Mining
22:30 Bow Saw
23:11 Forging
26:13 Scale Barding Armor
26:06 Town Watch
34:38 Imperial Age
32:21 Scale Mail Armor
33:16 Gambesons
35:32 Hand Cart
36:19 Iron Casting
36:28 Gold Shaft Mining
36:42 Conscription
37:05 Chain Mail Armor
37:20 Cavalier
39:57 Paladin
43:21 Blast Furnace
42:52 Plate Mail Armor
42:27 Chivalry
43:25 Town Patrol
45:33 Chain Barding Armor
46:18 Husbandry
48:41 #83
AVUKADO10
10:13 Feudal Age
10:49 Horse Collar
12:05 Man-at-Arms
13:14 Loom
20:50 Castle Age
20:50 Wheelbarrow
21:41 Pikeman
23:10 Squires
22:55 Arson
22:34 Eagle Warrior
24:16 Hand Cart
27:37 Fletching
29:25 Bodkin Arrow
37:11 Imperial Age
37:44 Gold Mining
39:07 Chemistry
38:29 Ballistics
37:51 Treadmill Crane
39:21 Heavy Scorpion
40:06 Elite Eagle Warrior
41:34 Stone Mining
41:33 Double-Bit Axe
41:27 Halberdier
42:14 Bracer
44:19 Holcans
45:11 Scale Mail Armor
45:22 Forging
Connection lost

Rejoining the realm…

Still unreachable

The connection could not be restored.

Session expired

The server has moved on; the page needs a fresh start.